 Dungeon Crawl Stone Soup version 0.20.1-1-g8b1a95d (webtiles) character file.

63 Jukra the Skirmisher (level 4, 0/29 HPs)
             Began as a Gargoyle Berserker on Sept 4, 2017.
             Was a Follower of Trog.
             Slain by a worm (10 damage)
             ... on level 2 of the Dungeon.
             The game lasted 00:02:36 (1272 turns).

Jukra the Skirmisher (Gargoyle Berserker)           Turns: 1272, Time: 00:02:37

Health: 0/29       AC:  5    Str: 21    XL:     4   Next: 9%
Magic:  4/4        EV: 12    Int:  8    God:    Trog [*.....]
Gold:   89         SH:  0    Dex:  9    Spells: 3/3 levels left

rFire    + . .     SeeInvis .   a - +0 hand axe
rCold    . . .     Gourm    .   (no shield)
rNeg     + . .     Faith    .   b - +0 animal skin
rPois    ∞         Spirit   .   (no helmet)
rElec    +         Reflect  .   (no cloak)
rCorr    .         Harm     .   (no gloves)
MR       .....                  (no boots)
Stlth    +.........             (no amulet)
Regen    0.1/turn               e - ring of protection from fire
MPRegen  0.1/turn               (no ring)

@: no status effects
A: negative energy resistance 1, electricity resistance, unbreathing,
petrification resistance, rot immunity, AC +3
a: Berserk, Burn Spellbooks, Renounce Religion


You were on level 2 of the Dungeon.
You worshipped Trog.
Trog was aware of your devotion.
You were not hungry.

You visited 1 branch of the dungeon, and saw 2 of its levels.

You collected 89 gold pieces.

Inventory:

Hand Weapons
 a - a +0 hand axe (weapon)
Armour
 b - a +0 animal skin (worn)
Jewellery
 e - a ring of protection from fire (left hand)
Scrolls
 f - 2 scrolls of identify {unknown}
 g - 2 scrolls of fear {unknown}
 h - a scroll of enchant armour {unknown}
 l - a scroll of teleportation {unknown}
Potions
 i - a potion of ambrosia {unknown}
 j - 3 potions of mutation {unknown}
 k - a potion of haste {unknown}
 m - 2 potions of heal wounds {unknown}
Comestibles
 c - 2 bread rations
 d - 6 fruits


   Skills:
 + Level 3.7 Fighting
 + Level 3.6 Axes
 + Level 2.3 Armour
 + Level 2.0 Dodging
 + Level 0.5 Stealth


You had 3 spell levels left.
You didn't know any spells.

Dungeon Overview and Level Annotations

Branches:
Dungeon (2/15)

Altars:
Dithmenos


Innate Abilities, Weirdness & Mutations

You are resistant to torment.
Your stone body is resilient. (AC +3)
You are immune to poison.
You resist negative energy. (rN+)
You are resistant to electric shocks. (rElec)
You can survive without breathing.
You are immune to petrification.
You are immune to rotting.


Message History

You completely miss the worm.
The worm is heavily wounded.
The worm bites you.
You are too injured to fight recklessly!
You are too injured to fight recklessly!
You are too injured to fight recklessly!
You are too injured to fight recklessly!
You are too injured to fight recklessly!
You barely miss the worm.
The worm is heavily wounded.
You hit the worm.
The worm is heavily wounded.
The worm closely misses you.
You hit the worm.
The worm is severely wounded.
The worm bites you but does no damage.
You hit the worm.
The worm is almost dead.
The worm bites you!
You die...

...##.........##...#
######.###
#...........).....## #.##.
..#..##.....##..########
#.#.#
###.###..#..###........####
#.##. #.
#..###..##..####.....#
#.... #
....###...÷.....#.....#
##### #....
#....#..##.......#
#............#w####.....#
.......#......@####.....#
....#####.#.......)### ...
#.#######..# ... #.#
##.#.## ..# ... ##.###.##
#.# #.## ##.# ###.##
##.###.## #.... ##.#.##
#.#.# ##.##


You could see a worm.

Vanquished Creatures
  3 adders (D:2)
  3 worms (D:2)
  2 dart slugs
  A bat (D:2)
  4 goblins
  2 hobgoblins (D:1)
  4 kobolds
  A quokka (D:2)
  A ball python (D:1)
  2 frilled lizards (D:1)
  2 rats
25 creatures vanquished.

Notes
Turn   | Place    | Note
-------+----------+-------------------------------------------
     0 | D:1      | Jukra the Gargoyle Berserker began the quest for the Orb.
     0 | D:1      | Reached XP level 1. HP: 14/14 MP: 1/1
   326 | D:1      | Reached XP level 2. HP: 19/19 MP: 2/2
   690 | D:2      | Reached XP level 3. HP: 16/24 MP: 3/3
   847 | D:2      | Found a shadowy altar of Dithmenos.
   999 | D:2      | Reached XP level 4. HP: 9/29 MP: 4/4
  1272 | D:2      | Slain by a worm

Skill      XL: |  1  2  3 |
---------------+----------+-----
Axes           | 3 |  3.6
Dodging        | 2 |  2.0
Fighting       | |  3.7
Armour         | |  2.3
Stealth        | |  0.5

Action                   |  1- 3 |  4- 6 || total
-------------------------+-------+-------++-------
Melee: Hand axe          |    99 |    12 ||   111
 Stab: Sleeping          |     1 |       ||     1
  Eat: Chunk             |       |     1 ||     1
Armor: Animal skin       |    28 |     5 ||    33
Dodge: Dodged            |    67 |     3 ||    70
